AoeStats
← Enzocasla10

Arabian Desert

510294218Analyzed
1v1 RM · 2d ago on Sep 30, 2026· 32m 17s· 2 players
Game mode
Random Map
Map size
Tiny (2 player)
Population
200
Speed
Normal
Resources
Standard
Victory
Conquest
Starting age
Dark Age
Ending age
Imperial Age
RankedLock teamsTeams togetherTeam positionsShared explorationLock speedFull tech treeHidden civsTurbo modeCheats
Victory
Defeat
🇦🇷 Ethiopians · Argentina
1031
+15
🇨🇳 Magyars · China
1016
-15
MUCI
11:41 Feudal Age
12:14 Loom
17:21 Castle Age
26:31 Fletching
Enzocasla10
5:11 Loom
10:45 Feudal Age
13:45 Double-Bit Axe
14:04 Fletching
20:04 Padded Archer Armor
22:32 Horse Collar
27:45 Castle Age
27:51 Crossbowman
28:40 Thumb Ring
30:23 Bodkin Arrow
30:46 Leather Archer Armor
Connection lost

Rejoining the realm…

Still unreachable

The connection could not be restored.

Session expired

The server has moved on; the page needs a fresh start.